 Seeded DCSS version 0.27-a0-1591-gc56fcc985a (webtiles) character file.

Game seed: 8972593883269044693 (custom seed)

1363 Zonian the Conjurer (level 8, -4/39 HPs)
             Began as a Vine Stalker Conjurer on July 19, 2021.
             Was a Priest of Uskayaw.
             Slain by Joseph (11 damage)
             ... on level 8 of the Dungeon on July 20, 2021.
             The game lasted 00:13:10 (8661 turns).

Zonian the Conjurer (Vine Stalker Conjurer)         Turns: 8661, Time: 00:13:11

Health: -4/39      AC:  4    Str: 10    XL:     8   Next: 64%
Magic:  0/15       EV: 13    Int: 18    God:    Uskayaw [***...]
Gold:   99         SH:  0    Dex: 15    Spells: 12/15 levels left

rFire    + . .     SeeInvis .   k - +1 lajatang (speed)
rCold    . . .     Faith    .   (shield currently unavailable)
rNeg     . . .     Spirit   +   a - +0 robe
rPois    .         Reflect  .   h - +2 hat
rElec    .         Harm     .   (no cloak)
rCorr    .         Rampage  .   (no gloves)
Will     ++...                  (no boots)
Stlth    ++++......             (no amulet)
HPRegen  1.13/turn              j - ring "Zenuy" {rF+ Will+ Stlth+}
MPRegen  0.14/turn              (no ring)

@: no status effects
A: fangs 3, regeneration 1, magic shield, antimagic bite, no potion heal 2
a: Renounce Religion, Stomp, Line Pass


You were on level 8 of the Dungeon.
You worshipped Uskayaw.
Uskayaw was noncommittal.
You visited 2 branches of the dungeon, and saw 7 of its levels.

You collected 211 gold pieces.
You spent 112 gold pieces at shops.

Inventory:

Hand Weapons
 c - a +0 vorpal dagger
 f - a +1 dagger of venom
 g - a +0 vorpal spear
 i - a +1 hand axe of flaming
 k - a +1 lajatang of speed (weapon)
Missiles
 d - 7 boomerangs
Armour
 a - a +0 robe (worn)
 h - a +2 hat (worn)
 l - a +1 buckler of protection
Jewellery
 j - the ring "Zenuy" (left hand) {rF+ Will+ Stlth+}
   (You acquired it on level 4 of the Dungeon)

   [ring of willpower]

   rF:        It protects you from fire.
   Will:      It increases your willpower.
   Stlth:     It makes you more stealthy.
Wands
 q - a wand of acid (8)
 t - a wand of flame (11)
Scrolls
 b - a scroll of immolation
 o - 2 scrolls of teleportation
Potions
 e - a potion of flight
 m - 5 potions of curing
 n - a potion of brilliance
 p - a potion of resistance {unknown}
 r - a potion of lignification {unknown}
 s - 2 potions of mutation {unknown}


   Skills:
 + Level 2.9 Fighting
 - Level 2.1 Short Blades
 + Level 1.5 Staves
 + Level 3.3 Dodging
 + Level 5.4 Stealth
 + Level 2.8 Shields
 + Level 4.4 Spellcasting
 + Level 6.5 Conjurations


You had 12 spell levels left.
You knew the following spells:

 Your Spells              Type           Power      Damage    Failure   Level
a - Magic Dart            Conj           100%       1d8       1%          1
b - Searing Ray           Conj           54%        3d5       1%          2

Your spell library contained the following spells:

 Spells                   Type           Power      Damage    Failure   Level
 Dazzling Flash           Conj/Hex       30%        N/A       11%         3
 Animate Skeleton         Necr           8%         N/A       14%         1
 Pain                     Necr           16%        1d4       14%         1
 Sandblast                Erth           8%         2d5       14%         1
 Corpse Rot               Necr/Air       N/A        N/A       22%         2
 Passwall                 Tmut/Erth      3%         N/A       22%         2
 Slow                     Hex            4%         N/A       22%         2
 Fulminant Prism          Conj/Hex       7%         3d7       36%         4
 Iskenderun's Mystic Bla  Conj/Tloc      15%        2d5       36%         4
 Confusing Touch          Hex            4%         N/A       38%         3
 Vampiric Draining        Necr           2%         2d6       38%         3
 Dispel Undead            Necr           4%         3d7       80%         4
 Agony                    Necr           4%         N/A       98%         5
 Lee's Rapid Deconstruct  Erth           2%         3d5*      98%         5
 Silence                  Hex/Air        2%         N/A       98%         5
 Death Channel            Necr           2%         N/A       100%        6


Dungeon Overview and Level Annotations

Branches:
Dungeon (5/15)             Temple (1/1) D:5

Altars:
Ashenzari
Cheibriados
Dithmenos
Elyvilon
Fedhas
Gozag
Hepliaklqana
Kikubaaqudgha
Makhleb
Nemelex Xobeh
Okawaru
Qazlal
Ru
Trog
Uskayaw
Vehumet
Wu Jian
Xom
Yredelemnul
Zin
The Shining One

Shops:
D:8 (*:

Annotations:
D:5 Duvessa
D:8 Joseph


Innate Abilities, Weirdness & Mutations

You have razor-sharp teeth.
Your natural rate of healing is unusually fast.
When hurt, damage is shared between your health and your magic reserves.
Your bite disrupts and absorbs the magic of your enemies.
Potions cannot restore your health.


Message History

Joseph is lightly wounded.
Joseph hits you with a +0 quarterstaff.
You can now pass through a line of other dancers.
You closely miss Joseph.
Joseph is lightly wounded.
You slash Joseph! Your bite misses Joseph.
Joseph is moderately wounded.
Joseph hits you with a +0 quarterstaff!
You slash Joseph! Your bite misses Joseph.
Joseph is heavily wounded.
Joseph barely misses you.
You closely miss Joseph. You bite Joseph. You drain his power.
You feel invigorated.
Joseph is heavily wounded.
Joseph closely misses you.
You hit Joseph.
Joseph is heavily wounded.
Joseph shouts, "I love to fight!
I love killing!"
Joseph barely misses you.
Uskayaw will force your foes to helplessly watch your dance.
Uskayaw prepares the audience for your solo!
Unknown command.
The helpless Joseph fails to defend himself.
You slash Joseph!
Joseph is severely wounded.
Joseph is no longer paralysed.
Joseph hits you with a +0 quarterstaff!
You hit Joseph but do no damage.
Joseph is severely wounded.
Joseph hits you with a +0 quarterstaff!
* * * LOW HITPOINT WARNING * * *
You hit Joseph.
Joseph is severely wounded.
Joseph hits you with a +0 quarterstaff!
* * * LOW HITPOINT WARNING * * *
Unknown command.
You hit Joseph. You bite Joseph, but do no damage.
Joseph is almost dead.
Joseph grins evilly.
Joseph hits you with a +0 quarterstaff!
You die...

.......#.##.#.#**** *,*+**** *,*
.#.......##.#.# *.#,* *,*
.#.#........#.########.#,* *,*
.#.......####..........#,* *,*
.##......# #..........#,* *,*
......#######..........#,* *,,
.#.....................#,* ***
,#...##...............#*,* *
,#...*+........@@.....#*,* *
,#...*#...............#*,*** *
,#....................+,,,,* *
,#..###...............#***,******
,#..*#∩.∩####.........#*,,,,,,,,,
,#.......<,..#+##....##*,*,******
,*,###∩.∩###.*,*#......,,,,*
,*,*,.....,..*,*#.......,,,*
,*,*.....,...*,**###..#+*,,*


You could see Joseph.

Vanquished Creatures
  Sigmund (D:5)
  Menkaure (D:5)
  3 black bears
  2 ogres
  A bullfrog (D:8)
  A scorpion (D:5)
  3 jellies
  A water moccasin skeleton (D:5)
  A bullfrog zombie (D:5)
  A gnoll shaman (D:5)
  3 orc wizards
  A scorpion zombie (D:5)
  An iguana (D:4)
  A hound skeleton (D:5)
  5 adders (D:4)
  A shadow imp (D:8)
  An adder skeleton (D:4)
  4 worms
  A dart slug (D:3)
  13 orcs
  3 bats
  8 endoplasms
  3 giant cockroaches
  6 goblins
  3 hobgoblins
  5 jackals
  9 kobolds
  2 quokkas
  5 ball pythons
  2 frilled lizards (D:1)
  7 rats
99 creatures vanquished.

Vanquished Creatures (others)
  7 fungi (D:3)
  19 plants
26 creatures vanquished.

Grand Total: 125 creatures vanquished

Notes
Turn   | Place    | Note
-------+----------+-------------------------------------------
     0 | D:1      | Zonian the Vine Stalker Conjurer began the quest for the
                  | Orb.
     0 | D:1      | Reached XP level 1. HP: 9/9 MP: 4/4
   400 | D:1      | Reached XP level 2. HP: 13/13 MP: 0/6
  1663 | D:1      | Reached XP level 3. HP: 16/16 MP: 2/7
  2008 | D:1      | Found a faded altar of an unknown god.
  3656 | D:2      | Reached skill level 5 in Conjurations
  3836 | D:3      | Found a blossoming altar of Fedhas.
  3909 | D:3      | Gained mutation: Your natural rate of healing is unusually
                  | fast. [Vine Stalker growth]
  3909 | D:3      | Reached XP level 4. HP: 21/21 MP: 6/8
  5775 | D:4      | Reached XP level 5. HP: 24/24 MP: 6/10
  6081 | D:4      | Identified 3 scrolls of acquirement
  6081 | D:4      | Acquired a +1 lajatang of speed
  6083 | D:4      | Acquired a +0 buckler of protection
  6084 | D:4      | Acquired the ring "Zenuy" {rF+ Will+ Stlth+}
  6148 | D:4      | Found a snail-covered altar of Cheibriados.
  6204 | D:4      | Noticed an ogre
  6555 | D:4      | Found a glowing silver altar of Zin.
  6555 | D:4      | Found a sparkling altar of Nemelex Xobeh.
  6686 | D:4      | Reached XP level 6. HP: 29/29 MP: 11/11
  6893 | D:4      | Noticed a black bear
  6903 | D:4      | Killed a black bear
  6904 | D:4      | Reached skill level 1 in Fighting
  6904 | D:4      | Reached skill level 1 in Short Blades
  7118 | D:4      | Reached skill level 1 in Shields
  7327 | D:4      | Learned a level 2 spell: Searing Ray
  7395 | D:5      | Entered Level 5 of the Dungeon
  7420 | D:5      | Reached XP level 7. HP: 33/33 MP: 13/13
  7439 | D:5      | Noticed Duvessa
  7702 | D:5      | Noticed Menkaure
  7749 | D:5      | Killed Menkaure
  7750 | D:5      | Reached skill level 6 in Conjurations
  7849 | D:5      | Gained mutation: You have razor-sharp teeth. [Vine Stalker
                  | growth]
  7849 | D:5      | Reached XP level 8. HP: 39/39 MP: 13/15
  7962 | D:5      | Reached skill level 5 in Stealth
  8061 | D:5      | Noticed Sigmund
  8090 | D:5      | Found a staircase to the Ecumenical Temple.
  8096 | Temple   | Entered the Ecumenical Temple
  8350 | Temple   | Became a worshipper of Uskayaw the Reveller
  8389 | D:5      | Reached * piety under Uskayaw
  8391 | D:5      | Reached ** piety under Uskayaw
  8393 | D:5      | Killed Sigmund
  8394 | D:5      | Reached skill level 1 in Staves
  8422 | D:5      | You fall into a shaft and drop 3 floors!
  8426 | D:8      | Found Ubrik's Assorted Antiques.
  8476 | D:8      | Bought a scroll of teleportation for 84 gold pieces
  8476 | D:8      | Bought a scroll labelled KIZITR LAETE for 28 gold pieces
  8519 | D:8      | Found a glowing golden altar of the Shining One.
  8542 | D:8      | Found a broken altar of Ashenzari.
  8579 | D:8      | Found a stormy altar of Qazlal.
  8586 | D:8      | Found Dojuykoz's Antique Weapon Shoppe.
  8634 | D:8      | Found Pazyes's Book Boutique.
  8644 | D:8      | Noticed Joseph
  8657 | D:8      | Reached *** piety under Uskayaw
  8661 | D:8      | Slain by Joseph

Illustrated notes

Levels and vault maps discovered:
D:1:      dpeg_arrival_renting, layout_basic,
          hellmonk_ecumenical_altar_arch_garden, minmay_misc_feat_room
D:2:      layout_loops_cross
D:3:      layout_basic, fedhas_altar_3
D:4:      layout_loops_corners, mainiacjoe_overflow_divided_tiny,
          mainiacjoe_overflow_cross_hatched, serial_forest,
          infiniplex_forest_clump_small, infiniplex_forest_end_1,
          infiniplex_forest_clump_medium, infiniplex_forest_corner_1,
          infiniplex_forest_split, infiniplex_forest_clump_double,
          infiniplex_forest_lined_3, infiniplex_forest_3_way,
          infiniplex_forest_end_1
D:5:      minmay_general_purpose_star, layout_cave_pools,
          minmay_temple_entry_enclosed_plants, hangedman_decor_clover_reticule,
          uniq_sigmund, uniq_duvessa, uniq_menkaure
D:8:      layout_basic, ashenzari_altar_1, nicolae_qazlal_eye_of_the_storm,
          tso_oasis_becter, serial_shops, shop, kennysheep_mini_moat,
          nicolae_shop_statue_plus, nicolae_shop_trees,
          nicolae_shop_competitors_out_of_business, st_stairs_14, uniq_joseph
Temple:   minmay_temple_curvy_branch

Skill      XL: |  1  2  3  4  5  6  7  8 |
---------------+-------------------------+-----
Conjurations   | 5 6 |  6.5
Stealth        | 3 4 5 |  5.4
Spellcasting   | 3 4 |  4.4
Dodging        | 2 3 |  3.3
Fighting       | 1 2 |  2.9
Short Blades   | 1 2 |  2.1
Shields        | 1 2 |  2.8
Staves         | 1 |  1.5

Action                   |  1- 3 |  4- 6 |  7- 9 || total
-------------------------+-------+-------+-------++-------
Melee: Unarmed           |     5 |       |       ||     5
       Bite              |     5 |    19 |    30 ||    54
       Dagger            |    17 |    77 |    16 ||   110
       Lajatang          |       |       |    93 ||    93
 Cast: Magic Dart        |    89 |    84 |       ||   173
  Use: Scroll            |     4 |     6 |     2 ||    12
       Potion            |       |     2 |       ||     2
 Stab: Sleeping          |     1 |     3 |     2 ||     6
       Paralysed         |       |       |     1 ||     1
Armor: Robe              |     7 |    24 |    26 ||    57
Dodge: Dodged            |    18 |    26 |    49 ||    93
Block: Buckler           |       |     5 |     2 ||     7

Table legend: (Time is in decaauts)
 A = Elapsed time spent in this place.
 B = Non-inter-level travel time spent in this place.
 C = Inter-level travel time spent in this place.
 D = Time resting spent in this place.
 E = Time spent auto-exploring this place.
 F = Levels seen in this place.
 G = Mean time per level.
                   A        B        C        D        E       F      G
               +--------+--------+--------+--------+--------+-----+--------+
         Total |   8663 |   8504 |    159 |   4163 |   3140 |   7 | 1237.6 |
       Dungeon |   8400 |   8249 |    151 |   4163 |   2898 |   6 | 1400.0 |
        Temple |    262 |    254 |      8 |      0 |    242 |   1 |  262.0 |
               +--------+--------+--------+--------+--------+-----+--------+

Top non-repeatable levels by time:
     D:1: 2202 daAuts
     D:3: 1881 daAuts
     D:4: 1838 daAuts
     D:2: 1656 daAuts
     D:5: 588 daAuts
  Temple: 262 daAuts
     D:8: 234 daAuts
